 Dungeon Crawl Stone Soup version 0.21-a0-143-g1ab7d47 (webtiles) character file.

3699 namelastname112 the Tainter (level 9, 0/62 HPs)
             Began as a Pale Draconian Venom Mage on July 26, 2017.
             Was a Follower of Dithmenos.
             Killed by divine providence
             ... invoked by an orc priest
              (11 damage)
             ... on level 8 of the Dungeon.
             The game lasted 00:13:07 (6548 turns).

namelastname112 the Tainter (DrVM)                  Turns: 6548, Time: 00:13:08

Health: 0/62       AC: 10    Str: 10    XL:     9   Next: 91%
Magic:  3/21       EV: 12    Int: 19    God:    Dithmenos [*.....]
Gold:   435        SH:  0    Dex: 16    Spells: 12/24 levels left

rFire    . . .     SeeInvis .   y - +9 long sword "Coakhloe" {slice, Dex+4}
rCold    + . .     Gourm    +   (no shield)
rNeg     . . .     Faith    .   (armour unavailable)
rPois    .         Spirit   .   (helmet restricted)
rElec    +         Reflect  .   (no cloak)
rCorr    .         Harm     .   o - +2 pair of gloves
MR       .....     Rnd*Tele +   (no boots)
Stlth    ++........             u - amulet of the gourmand
HPRegen  0.20/turn              w - ring of protection from cold
MPRegen  0.17/turn              (no ring)

@: wreathed by umbra
A: breathe steam, unfitting armour, blurry vision 1, electricity resistance,
teleportitis 1, cold-blooded, MP-powered wands, AC +7
a: Breathe Steam, Renounce Religion


You were on level 8 of the Dungeon.
You worshipped Dithmenos.
Dithmenos was aware of your devotion.
You were completely stuffed.

You visited 1 branch of the dungeon, and saw 8 of its levels.
You also visited: Sewer.

You collected 435 gold pieces.

Inventory:

Hand Weapons
 h - a +2 dagger of chaos
 y - the +9 long sword "Coakhloe" (weapon) {slice, Dex+4}
   (You took it off an orc on level 5 of the Dungeon)

   It inflicts extra damage upon your enemies.
   It affects your dexterity (+4).
Armour
 o - a +2 pair of gloves (worn)
Jewellery
 f - an uncursed ring of ice
 u - an amulet of the gourmand (around neck)
 w - a ring of protection from cold (left hand)
Wands
 q - a wand of enslavement (9/24)
 x - a wand of confusion (37/48)
Scrolls
 c - 3 scrolls of recharging
 g - a scroll of amnesia
 j - 2 scrolls of remove curse
 l - 2 scrolls of magic mapping
 n - 3 scrolls of teleportation
 A - a scroll of enchant weapon
Potions
 d - a potion of invisibility
 e - a potion of cancellation {unknown}
 k - 5 potions of flight
 p - 10 potions of curing {unknown}
 r - 2 potions of haste {unknown}
 s - 4 potions of heal wounds {unknown}
 t - 4 potions of degeneration {unknown}
 v - 3 potions of berserk rage
 z - a potion of agility
Books
 a - a Young Poisoner's Handbook

   Spells                             Type                      Level
   a - Sting                          Conjuration/Poison           1
   b - Poisonous Vapours              Poison/Air                   2
   c - Mephitic Cloud                 Conjuration/Poison/Air       3
   d - Olgreb's Toxic Radiance        Poison                       4
   e - Venom Bolt                     Conjuration/Poison           5
Comestibles
 b - 2 bread rations
 i - 2 meat rations
 m - 7 chunks of flesh
 E - a royal jelly


   Skills:
 - Level 1.7 Dodging
 - Level 1.7 Stealth
 + Level 8.0 Spellcasting
 + Level 8.1 Conjurations
 + Level 8.8 Poison Magic


You had 12 spell levels left.
You knew the following spells:

 Your Spells              Type           Power        Failure   Level  Hunger
a - Olgreb's Toxic Radia  Pois           #####...     2%          4    ###....
b - Venom Bolt            Conj/Pois      #####.....   8%          5    #####..
x - Poisonous Vapours     Pois/Air       ###...       2%          2    None
z - Sting                 Conj/Pois      ####         1%          1    None


Dungeon Overview and Level Annotations

Branches:
Dungeon (8/15)             Temple (0/1) D:7
   Lair: D:8-11

Altars:
Ashenzari
Dithmenos
Makhleb
Xom

Shops:
D:4 [%}%

Annotations:
D:3 Purgy


Innate Abilities, Weirdness & Mutations

You can breathe blasts of scalding, opaque steam.
Your pale cyan-grey scales are hard. (AC +7)
You cannot fit into any form of body armour.
You are cold-blooded and may be slowed by cold attacks.
Scrolls take you a little longer to read.
You are resistant to electric shocks. (rElec)
You are occasionally teleported next to monsters.
You expend magic power (3 MP) to strengthen your wands.


Message History

The red ugly thing is enraged by your darkness!
What are your orders? t - Shout!
Orders for allies: a - Attack new target. r - Retreat! s - Stop attacking. g - Guard the area. f - Follow me.
Anything else - Cancel.
Gang up on whom?
Press: ? - help, Dir - move target cursor, f - red ugly thing
Aim: a red ugly thing (moderately wounded)
Okay, then.
Evoke which item? (* to show all) (? for menu, Esc to quit)
Aiming: Enslavement (will waste charges)
Press: ? - help, Shift-Dir - straight line, f - red ugly thing
Aim: a red ugly thing (moderately wounded, chance to defeat MR: 32%)
The red ugly thing is charmed.
Evoking this partially-identified wand wasted a few charges.
The orc priest calls down the wrath of Beogh upon you.
Beogh smites you!
You die...

###### #.....# ..... #.....#
#####..... #.....# .##......
#.....# .##....## #.....#
.##.....################.....###
................@..u.oo.........
.##...#.......##########.....##
..).................. #.....#
.)).................. #u....#
....†..[.##.......... #.....#
....÷....##.######### #o#####
########).......... ..)
#.†#....####


oK# #...[....... ... You could see an orc priest, an orc and a friendly red ugly
thing.

Vanquished Creatures
  A manticore (D:6)
  A troll (D:8)
  A hippogriff (D:8)
  A hungry ghost (D:7)
  A steam dragon (D:7)
  3 sky beasts
  2 ice beasts
  A phantom (D:7)
  2 ogres
  A centaur (D:7)
  A big kobold (D:8)
  7 bullfrogs
  A scorpion (D:6)
  A howler monkey (D:6)
  4 crimson imps
  A bullfrog zombie (D:5)
  3 jellies (D:7)
  A quasit (D:5)
  2 orc priests
  6 orc wizards
  A centaur skeleton (D:4)
  3 hounds
  2 bullfrog skeletons
  Jessica (D:2)
  Terence (D:2)
  3 worker ants
  A hound skeleton (D:7)
  A howler monkey zombie (D:7)
  A worker ant zombie (D:6)
  8 gnolls
  A howler monkey skeleton (D:5)
  16 adders
  A shadow imp (D:8)
  2 worms
  5 dart slugs
  5 leopard geckos
  23 orcs
  5 giant cockroaches
  3 goblins
  3 hobgoblins
  2 jackals (D:1)
  20 kobolds
  3 quokkas
  3 ball pythons
  12 bats
  7 frilled lizards
  A leopard gecko skeleton (D:4)
  A quokka skeleton (D:4)
  11 rats
187 creatures vanquished.

Vanquished Creatures (collateral kills)
  An orc warrior (D:8)
1 creature vanquished.

Vanquished Creatures (others)
  A centaur skeleton (D:5)
1 creature vanquished.

Grand Total: 189 creatures vanquished

Notes
Turn   | Place    | Note
-------+----------+-------------------------------------------
     0 | D:1      | namelastname112 the Draconian Venom Mage began the quest for the Orb.
     0 | D:1      | Reached XP level 1. HP: 14/14 MP: 3/3
   265 | D:1      | Reached XP level 2. HP: 18/20 MP: 0/5
   349 | D:1      | Learned a level 2 spell: Poisonous Vapours
   481 | D:1      | Reached XP level 3. HP: 25/26 MP: 0/7
   755 | D:2      | Noticed Jessica
   761 | D:2      | Killed Jessica
   832 | D:2      | Reached XP level 4. HP: 33/33 MP: 6/8
  1113 | D:2      | Noticed Terence
  1208 | D:2      | Killed Terence
  1705 | D:3      | Reached XP level 5. HP: 38/38 MP: 5/10
  1720 | D:3      | Noticed Purgy
  1834 | D:4      | Found Awecsar's Food Emporium.
  1853 | D:4      | Found a glowing drain.
  1877 | Sewer    | Entered a sewer
  2112 | Sewer    | Reached XP level 6. HP: 45/45 MP: 8/11
  2402 | D:4      | Found Gosin's Antique Armour Shop.
  2644 | D:4      | Found a burning altar of Makhleb.
  2645 | D:4      | Found a shimmering altar of Xom.
  2912 | D:4      | Reached skill level 5 in Poison Magic
  3051 | D:4      | Found Kewk's Gadget Shoppe.
  3070 | D:4      | Your scales start taking on a pale cyan-grey colour.
  3070 | D:4      | Reached XP level 7. HP: 50/50 MP: 6/13
  3307 | D:4      | Found Jeyqyo's Food Emporium.
  3550 | D:5      | Entered Level 5 of the Dungeon
  3691 | D:5      | Reached skill level 5 in Spellcasting
  3697 | D:5      | Gained mutation: You are resistant to electric shocks. (rElec) [mutagenic meat]
  3698 | D:5      | Gained mutation: Scrolls take you a little longer to read. [mutagenic meat]
  3699 | D:5      | Gained mutation: You expend magic power (3 MP) to strengthen your wands. [mutagenic meat]
  3700 | D:5      | Gained mutation: You are occasionally teleported next to monsters. [mutagenic meat]
  3985 | D:5      | Reached skill level 5 in Conjurations
  4259 | D:5      | Got an ancient long sword {slice}
  4260 | D:5      | Identified the +9 long sword "Coakhloe" {slice, Dex+4} (You took it off an orc on level 5 of the Dungeon)
  4274 | D:5      | Reached XP level 8. HP: 57/57 MP: 11/16
  4729 | D:6      | Found a shadowy altar of Dithmenos.
  4964 | D:6      | Became a worshipper of Dithmenos the Shadowed
  5251 | D:6      | Found a shattered altar of Ashenzari.
  5268 | D:6      | Noticed a manticore
  5281 | D:6      | Killed a manticore
  5281 | D:6      | Reached XP level 9. HP: 36/62 MP: 5/19
  6013 | D:7      | Found a staircase to the Ecumenical Temple.
  6212 | D:7      | Learned a level 4 spell: Olgreb's Toxic Radiance
  6218 | D:7      | Learned a level 5 spell: Venom Bolt
  6396 | D:8      | Reached * piety under Dithmenos
  6459 | D:8      | Noticed a troll
  6474 | D:8      | Killed a troll
  6529 | D:8      | Noticed a red ugly thing
  6548 | D:8      | Killed from afar by an orc priest

Vault maps used:
D:1:      lightli_arrival_boilingwater
D:2:      minmay_cupped, uniq_terence, uniq_jessica
D:3:      kennysheep_ying_yang, nicolae_overflow_crystal_walls, first_bread,
          uniq_robin, uniq_purgy
D:4:      grunt_temple_overflow_champion_of_chaos, serial_shops,
          nicolae_shop_window_shopping, shop, kennysheep_little_box, shop,
          portal_sewer_entry_d, grunt_ministairs_3
D:5:      hangedman_decor_slide_cut
D:6:      nicolae_dithmenos_shadow_blocks, ashenzari_altar_1
D:7:      minmay_temple_entry_hall
D:8:      minmay_cut_squares, fedhas_altar_3, cheibriados_altar_1,
          david_lair_generic
Sewer:    kennysheep_pipe_town

Skill      XL: |  1  2  3  4  5  6  7  8  9 |
---------------+----------------------------+-----
Spellcasting   | 3 4 5 6 8 |  8.0
Conjurations   | 2 3 4 5 6 8 |  8.1
Poison Magic   | 4 5 6 7 8 |  8.8
Dodging        | |  1.7
Stealth        | |  1.7

Action                   |  1- 3 |  4- 6 |  7- 9 || total
-------------------------+-------+-------+-------++-------
Melee: Unarmed           |    42 |       |       ||    42
       Tailslap          |     5 |    14 |    17 ||    36
       Whip              |    14 |    61 |       ||    75
       Dagger            |       |    33 |    91 ||   124
       Long sword        |       |       |    71 ||    71
 Cast: Sting             |    44 |   111 |   163 ||   318
       Poisonous Vapours |     1 |    29 |    26 ||    56
       Olgreb's Toxic Ra |       |       |     1 ||     1
 Abil: Breathe Steam     |       |       |    15 ||    15
Evoke: Wand              |       |       |     3 ||     3
  Use: Scroll            |       |     6 |     9 ||    15
 Stab: Sleeping          |       |     1 |     3 ||     4
  Eat: Chunk             |       |     8 |    29 ||    37
       Meat ration       |       |       |     1 ||     1
Armor: Skin              |    19 |    38 |   102 ||   159
Dodge: Dodged            |    50 |   106 |   164 ||   320
       Rpst.: Long sword |       |       |    22 ||    22
